 Dungeon Crawl Stone Soup version 0.29-a0-362-g5854e031c7 (webtiles) character file.

Game seed: 5169965382165122114

88 spiderkeys the Skirmisher (level 4, 0/35 HPs)
             Began as a Mummy Abyssal Knight on Apr 30, 2022.
             Was a Priest of Lugonu.
             Slain by a gnoll
             ... wielding a +0 spear
              (6 damage)
             ... on level 3 of the Dungeon.
             The game lasted 00:03:03 (3407 turns).

spiderkeys the Skirmisher (Mummy Abyssal Knight)    Turns: 3407, Time: 00:03:03

Health: 0/35       AC:  3    Str: 16    XL:     4   Next: 29%
Magic:  5/5        EV: 11    Int: 11    God:    Lugonu [***...]
Gold:   137        SH:  0    Dex: 12    Spells: 2/5 levels left

rFire   x . .      SeeInvis .   a - +1 spear
rCold   + . .      Faith    .   (no shield)
rNeg    + + +      Spirit   .   b - +0 leather armour
rPois   ∞          Reflect  .   (no helmet)
rElec   .          Harm     .   (no cloak)
rCorr   .          Rampage  .   (no gloves)
Will    .....                   (no boots)
Stlth   +.........              (no amulet)
HPRegen 0.11/turn               (no ring)
MPRegen 0.09/turn               (no ring)

@: no status effects
A: cold resistance 1, negative energy resistance 3, torment resistance 2, heat
vulnerability 1, in touch with death 1, no potions
a: Renounce Religion, Depart the Abyss, Bend Space, Banish


You were on level 3 of the Dungeon.
You worshipped Lugonu.
Lugonu was most pleased with you.
You visited 1 branch of the dungeon, and saw 3 of its levels.
You visited the Abyss 1 time.

You collected 137 gold pieces.


Innate Abilities, Weirdness & Mutations

You are immune to poison.
Your flesh is cold resistant. (rC+)
You are immune to negative energy. (rN+++)
You are immune to unholy pain and torment.
You are vulnerable to heat. (rF-)
You are in touch with the powers of death.
You do not drink.


   Skills:
 + Level 3.5 Fighting
 + Level 2.2 Polearms
 - Level 1.5 Armour
 + Level 1.6 Dodging
 + Level 1.0 Spellcasting
 + Level 2.4 Invocations


You had 2 spell levels left.
You knew the following spells:

 Your Spells              Type           Power      Damage    Failure   Level
c - Call Canine Familiar  Summ           0%         N/A       75%         3

Your spell library contained the following spells:

 Spells                   Type           Power      Damage    Failure   Level
 Portal Projectile        Hex/Tloc       0%         N/A       75%         3
 Leda's Liquefaction      Hex/Erth       0%         N/A       98%         4

Inventory:

Hand Weapons
 a - a +1 spear (weapon)
Missiles
 d - 55 stones
 h - 6 poisoned darts
 m - 6 javelins
Armour
 b - a +0 leather armour (worn)
 e - a +0 ring mail
   (You found it on level 1 of the Dungeon)
 f - a +0 chain mail
   (You found it on level 1 of the Dungeon)
 i - a +0 scale mail
   (You found it on level 2 of the Dungeon)
 n - a +0 ring mail
   (You found it on level 2 of the Dungeon)
 o - a +0 chain mail
   (You found it on level 2 of the Dungeon)
 p - a +0 leather armour
   (You took it off an orc on level 3 of the Dungeon)
 q - a +0 leather armour
   (You took it off an orc on level 3 of the Dungeon)
Scrolls
 c - a scroll of blinking {unknown}
 g - a scroll of silence {unknown}
 j - a scroll of identify {unknown}
 k - a scroll of amnesia {unknown}
 l - a scroll of teleportation {unknown}

Dungeon Overview and Level Annotations

Branches:
Dungeon (3/15)

Altars:
Kikubaaqudgha

Annotations:
D:2 1 runed translucent door, Crazy Yiuf

### #... ..#########
#..# #.#......<#
#..####.#.##.##.#
#..#....#.#.#.#.#######
#..#.#..#..###........#
#..#.#..#.## ##@#####.#
#...#....## ##g#
##.###.##.## ##.## #.##
##.##.###.##
##.###.####.#g#####
##.#.## #.......# ##..#
#.......#
##.#####.K.....#
#......#g......#


You could see a gnoll (strong).


Message History

Your hp is fully restored (35).
A frilled lizard is nearby!
A frilled lizard is nearby!
A frilled lizard is nearby!
You reach to attack!
You closely miss the frilled lizard. You barely miss the frilled lizard.
The frilled lizard bites you. 😕 HP[-1]
You take 1 damage, and now have 34/35 hp.
You closely miss the frilled lizard.
The frilled lizard bites you but does no damage.
You miss the frilled lizard.
The frilled lizard bites you but does no damage. 😎 HP[+1]
Your hp is fully restored (35).
You closely miss the frilled lizard. The frilled lizard barely misses you.
You closely miss the frilled lizard. The frilled lizard bites you. 😕 HP[-1]
You take 1 damage, and now have 34/35 hp.
You hit the frilled lizard.
You kill the frilled lizard!
Lugonu accepts your kill.
Your Spellcasting skill increases to level 1!
No target in view!
This spell is extremely dangerous to cast!
Memorise Call Canine Familiar, consuming 3 spell levels and leaving 2?
You start memorising the spell.
You continue memorising. x3
You finish memorising.
Spell assigned to 'c'.
An orc comes into view. It is wielding a +0 club.
The orc shouts! 😎 HP[+1]
Your hp is fully restored (35).
An orc is nearby!
An orc is nearby!
You closely miss the orc.
The orc hits you with a +0 club. 😕 HP[-2]
You take 2 damage, and now have 33/35 hp.
You hit the orc.
You kill the orc!
Lugonu accepts your kill.
No target in view!
No target in view!
You see here a +0 club.
Key pressed, stopping explore.
Key pressed, stopping explore.
A gnoll comes into view. It is wielding a +0 spear.
The gnoll shouts!
You hear a shout! x2
A kobold comes into view. It is wielding a +0 whip.
You hear a shout! 😎 HP[+2]
Your hp is fully restored (35).
The gnoll hits you from afar with a +0 spear. 😕 HP[-6]
You take 6 damage, and now have 29/35 hp.
You reach to attack!
You barely miss the gnoll.
A gnoll comes into view. It is wielding a +0 halberd.
The gnoll barely misses you.
You reach to attack!
You hit the gnoll.
The gnoll hits you from afar with a +0 spear.
You reach to attack!
You hit the gnoll. The gnoll hits you but does no damage.
A gnoll comes into view. It is wielding a +0 flail.
You reach to attack!
You closely miss the gnoll.
The gnoll hits you from afar with a +0 spear. 😮 HP[-3]
You take 3 damage, and now have 26/35 hp.
You are too injured to fight recklessly!
You are too injured to fight recklessly! 😕 HP[+1] 😕 HP[+1]
The kobold throws a stone.
The stone closely misses you. 😕 HP[+1]
You see here a frilled lizard corpse. 😕 HP[+1] 😕 HP[+1] 😕 HP[+1]
You hit the gnoll but do no damage.
The gnoll drinks a potion.
The gnoll seems to grow stronger.
You hit the gnoll.
The gnoll hits you with a +0 spear! 😮 HP[-11]
You take 11 damage, and now have 21/35 hp.
MASSIVE DAMAGE!! (PAUSE)
You barely miss the gnoll. The gnoll hits you with a +0 spear!
* * * LOW HITPOINT WARNING * * *
😨 HP[-7]
You take 7 damage, and now have 14/35 hp.
You closely miss the gnoll. The gnoll hits you with a +0 spear!
* * * LOW HITPOINT WARNING * * *
😱 HP[-8]
You take 8 damage, and now have 6/35 hp.
MASSIVE DAMAGE!! (PAUSE)
You closely miss the gnoll. The gnoll barely misses you.
Press: ? - help, Shift-Dir - straight line, f/p - gnoll
Aim: a gnoll, wielding a +0 spear (heavily wounded, strong, chance to affect: 86%)
You fail to use your ability.
The gnoll completely misses you.
Press: ? - help, Shift-Dir - straight line, f/p - gnoll
Aim: a gnoll, wielding a +0 spear (heavily wounded, strong, chance to affect: 86%)
You fail to use your ability.
The gnoll hits you with a +0 spear.
You die...

Skill      XL: |  1  2  3  4 |
---------------+-------------+-----
Dodging        | 1 |  1.6
Invocations    | 2 |  2.4
Polearms       | 2 |  2.2
Spellcasting   | 1 |  1.0
Fighting       | |  3.5
Armour         | |  1.5

Action                   |  1- 3 |  4- 6 || total
-------------------------+-------+-------++-------
Melee: Spear             |   153 |    57 ||   210
 Stab: Sleeping          |     1 |       ||     1
Armor: Leather armour    |    36 |     7 ||    43
Dodge: Dodged            |    71 |    33 ||   104

Levels and vault maps discovered:
D:1:      dpeg_arrival_three_smaller_balls, layout_basic
D:2:      layout_loops_corners, basic_altar, uniq_crazy_yiuf_cottage
D:3:      layout_loops_cross, st_stairs_4, minmay_goblin_outpost

Notes
Turn   | Place    | Note
-------+----------+-------------------------------------------
     0 | Abyss:1  | spiderkeys the Mummy Abyssal Knight began the quest for the
                  | Orb.
     0 | Abyss:1  | Reached XP level 1. HP: 18/18 MP: 2/2
     0 | Abyss:1  | magus.rc [v1.11.3]
    14 | D:1      | You pass through the gate.
    14 | D:1      | Escaped the Abyss
   201 | D:1      | Reached skill level 1 in Dodging
   201 | D:1      | Reached XP level 2. HP: 13/24 MP: 3/3
   524 | D:1      | Reached skill level 2 in Invocations
   696 | D:1      | Reached skill level 2 in Polearms
   754 | D:1      | Gained mutation: You are in touch with the powers of death.
                  | [Mummy growth]
   754 | D:1      | Reached XP level 3. HP: 28/29 MP: 4/4
  1748 | D:2      | You pick up a book of the Hunter and begin reading...
  1748 | D:2      | You add the spells Call Canine Familiar, Portal Projectile
                  | and Leda's Liquefaction to your library.
  2097 | D:2      | Found a runed translucent door.
  2098 | D:2      | Noticed Crazy Yiuf
  2432 | D:2      | Found an ancient bone altar of Kikubaaqudgha.
  2630 | D:2      | Reached *** piety under Lugonu
  2631 | D:2      | Reached XP level 4. HP: 35/35 MP: 5/5
  3284 | D:3      | Reached skill level 1 in Spellcasting
  3288 | D:3      | Learned a level 3 spell: Call Canine Familiar
  3404 | D:3      | HP: 6/35 [gnoll/+0 spear (8)]
  3407 | D:3      | Slain by a gnoll

Vanquished Creatures
  2 gnolls (D:1)
  A dart slug (D:1)
  6 orcs (D:3)
  8 bats
  3 endoplasms
  4 giant cockroaches (D:1)
  2 goblins (D:1)
  7 hobgoblins
  4 jackals (D:2)
  6 ball pythons
  4 frilled lizards
  5 kobolds
  6 rats
58 creatures vanquished.

Table legend:
 A = Non-vault XP
 B = Vault XP
 C = Vault XP percentage of total XP
 D = Non-vault monster count
 E = Vault monster count
 F = Vault count percentage of total count
                 A         B        C        D         E       F
            +---------+---------+-------+---------+---------+-------
      Total |     126 |       0 |   0.0 |      58 |       0 |   0.0
            +---------+---------+-------+---------+---------+-------
        D:1 |      64 |       0 |   0.0 |      25 |       0 |   0.0
        D:2 |      35 |       0 |   0.0 |      22 |       0 |   0.0
        D:3 |      27 |       0 |   0.0 |      11 |       0 |   0.0
            +---------+---------+-------+---------+---------+-------

Illustrated notes

Table legend:
 A = Kills in this place as a percentage of kills in entire the game.
 B = Kills by you in this place as a percentage of kills by you in the entire game.
 C = Kills by friends in this place as a percentage of kills by friends in the entire game.
 D = Other kills in this place as a percentage of other kills in the entire game.
 E = Experience gained in this place as a percentage of experience gained in the entire game.
 F = Experience gained in this place divided by the number of levels of this place that you have seen.
                   A       B       C       D       E      F
               +-------+-------+-------+-------+-------+----------------------
         Total | 100.0 | 100.0 |   N/A |   N/A | 100.0 |  31.5
       Dungeon | 100.0 | 100.0 |   N/A |   N/A | 100.0 |  42.0
               +-------+-------+-------+-------+-------+----------------------

Table legend: (Time is in decaauts)
 A = Elapsed time spent in this place.
 B = Non-inter-level travel time spent in this place.
 C = Inter-level travel time spent in this place.
 D = Time resting spent in this place.
 E = Time spent auto-exploring this place.
 F = Levels seen in this place.
 G = Mean time per level.
                   A        B        C        D        E       F      G
               +--------+--------+--------+--------+--------+-----+--------+
         Total |   3406 |   3331 |     75 |      0 |   2905 |   4 |  851.5 |
       Dungeon |   3392 |   3317 |     75 |      0 |   2900 |   3 | 1130.7 |
         Abyss |     14 |     14 |      0 |      0 |      5 |   1 |   14.0 |
               +--------+--------+--------+--------+--------+-----+--------+

Top non-repeatable levels by time:
     D:2: 1581 daAuts
     D:1: 1345 daAuts
     D:3: 465 daAuts
 Abyss:1: 14 daAuts
